 Dungeon Crawl Stone Soup version 0.29.0-15-g675c0067aa (webtiles) character file.

Game seed: 11990446800621101169

2 qw the Sneak (level 1, -2/14 HPs)
             Began as a Gargoyle Delver on Sept 11, 2022.
             Killed from afar by Dowan (7 damage)
             ... with a puff of flame
             ... on level 5 of the Dungeon.
             The game lasted 00:00:01 (25 turns).

qw the Sneak (Gargoyle Delver)                        Turns: 25, Time: 00:00:02

Health: -2/14      AC:  5    Str: 15    XL:     1   Next: 30%
Magic:  1/1        EV: 11    Int: 10    God:
Gold:   0          SH:  0    Dex: 11    Spells: 0/0 levels left

rFire   . . .      SeeInvis .   a - +0 hand axe
rCold   . . .      Faith    .   (no shield)
rNeg    + . .      Spirit   .   b - +0 leather armour
rPois   inf        Reflect  .   (no helmet)
rElec   +          Harm     .   (no cloak)
rCorr   .          Rampage  .   (no gloves)
Will    .....                   (no boots)
Stlth   +++.......              (no amulet)
HPRegen 0.04/turn               (no ring)
MPRegen 0.07/turn               (no ring)

@: no status effects
A: sickness immunity, AC +2, negative energy resistance 1, electricity
resistance, torment resistance 1, petrification resistance
a: no special abilities


You were on level 5 of the Dungeon.
You visited 1 branch of the dungeon, and saw 1 of its levels.


Innate Abilities, Weirdness & Mutations

You are immune to sickness and miasma.
Your stone body is resilient. (AC +2)
You are immune to poison.
You resist negative energy. (rN+)
You are resistant to electric shocks. (rElec)
You are resistant to unholy torment.
You are immune to petrification.


   Skills:
 - Level 3.2 Fighting
 + Level 2.0 Axes
 - Level 1.5 Dodging
 - Level 5.4 Stealth


You couldn't memorise any spells.
You didn't know any spells.
Your spell library was empty.

Inventory:

Hand Weapons
 a - a +0 hand axe (weapon)
Armour
 b - a +0 leather armour (worn)
Wands
 g - a wand of digging (3)
Scrolls
 c - a scroll of fog
 d - a scroll of magic mapping
 e - a scroll of fear
Potions
 f - a potion of haste

Dungeon Overview and Level Annotations

Branches:
Dungeon (5/15)
 Temple: D:4-7

Altars:

Annotations:
D:5 Blork the orc, Dowan, Duvessa, Ijyb


Message History

Assign waypoint to what number? (0-9) Waypoint 2 assigned to D:5.
0 ||| PLANNING D:1-11
Found a robe.
Found a leather armour.
An orc comes into view. It is wielding a +0 morningstar.
Dowan, Brother of Duvessa comes into view.
He is wielding a +2 dagger of pain and carrying a wand of flame (19).
Dowan shouts!
Dowan moves out of view.
The orc barely misses you.
You closely miss the orc.
Dowan zaps a wand.
The puff of flame misses you. The orc closely misses you.
Duvessa, Sister of Dowan comes into view.
She is wielding a +0 short sword of venom.
Duvessa shouts!
You hit the orc.
The orc is heavily wounded.
Dowan mumbles some strange words.
Dowan blinks!
The orc closely misses you.
Duvessa says, "Where magic fails, the sword succeeds!"
You closely miss the orc.
The orc is heavily wounded.
The orc misses you.
Blork the orc comes into view.
He is wielding a +0 battleaxe.
You barely miss the orc.
The orc is heavily wounded.
Ijyb the Twisted Goblin comes into view.
She is wielding a +0 dagger and carrying a wand of iceblast (8).
The orc barely misses you.
You barely miss the orc.
The orc is heavily wounded.
The orc hits you with a +0 morningstar!
Ouch! That really hurt!
The orc misses you.
Blork the orc shouts!
Ijyb shouts!
You hit the orc.
You kill the orc!
Your Axes skill increases to level 2! 2 orcs come into view.
Dowan zaps a wand.
The puff of flame hits you!
Ouch! That really hurt!
You die...

...#. ... .... ......
... ... ...
#..#+#g#.... ###
#..e...#...
....##....e....
oo........o#
######)@#..# #
......[....#######.###
###.....##...#.......#
###.#.####.#.....#
#.#.####....####.
#.#......>........ #
##############..


You could see Duvessa, Blork the orc, Ijyb, Dowan and 2 orcs.

Vanquished Creatures
  An orc (D:5)
1 creature vanquished.

Notes
Turn   | Place    | Note
-------+----------+-------------------------------------------
     0 | D:5      | qw the Gargoyle Delver began the quest for the Orb.
     0 | D:5      | Reached XP level 1. HP: 14/14 MP: 1/1
     0 | D:5      | 0 ||| qw: Version: 0.1-a-117-gfe26ee0
     0 | D:5      | 0 ||| qw: Game counter: 9887
     0 | D:5      | 0 ||| qw: Always use a shield: true
     0 | D:5      | 0 ||| qw: God list: Okawaru
     0 | D:5      | 0 ||| qw: Allow faded altars: false
     0 | D:5      | 0 ||| qw: Do Orc after D:15 true
     0 | D:5      | 0 ||| qw: Do second Lair branch before Depths: true
     0 | D:5      | 0 ||| qw: Lair rune preference: random
     0 | D:5      | 0 ||| qw: Plans: Normal
     0 | D:5      | 0 ||| PLANNING D:1-11
    17 | D:5      | Noticed Dowan
    19 | D:5      | Noticed Duvessa
    21 | D:5      | Noticed Blork the orc
    22 | D:5      | Noticed Ijyb
    25 | D:5      | Killed from afar by Dowan

Levels and vault maps discovered:
D:5:      layout_basic, okawaru_trees_2, uniq_blork_the_orc, uniq_ijyb,
          uniq_edmund, uniq_eustachio, uniq_duvessa, uniq_crazy_yiuf_cottage

Skill      XL: |  1 |
---------------+----+-----
Axes           | 2 |  2.0
Fighting       | |  3.2
Dodging        | |  1.5
Stealth        | |  5.4

Action                   || total
-------------------------++-------
Melee: Hand axe          ||     6
Dodge: Dodged            ||     7

Table legend:
 A = Non-vault XP
 B = Vault XP
 C = Vault XP percentage of total XP
 D = Non-vault monster count
 E = Vault monster count
 F = Vault count percentage of total count
                 A         B        C        D         E       F
            +---------+---------+-------+---------+---------+-------
      Total |       3 |       0 |   0.0 |       1 |       0 |   0.0
            +---------+---------+-------+---------+---------+-------
        D:5 |       3 |       0 |   0.0 |       1 |       0 |   0.0
            +---------+---------+-------+---------+---------+-------
